 Dungeon Crawl Stone Soup version 0.27.1-3-gb3d3a73c9e (webtiles) character file.

Game seed: 16985856650503374985

840 BrandedWarrior the Slasher (level 7, 0/61 HPs)
             Began as a Minotaur Gladiator on Oct 4, 2021.
             Slain by a black bear (4 damage)
             ... on level 5 of the Dungeon on Oct 5, 2021.
             The game lasted 00:28:35 (4343 turns).

BrandedWarrior the Slasher (Minotaur Gladiator)     Turns: 4343, Time: 00:28:37

Health: 0/61       AC:  3    Str: 20    XL:     7   Next: 67%
Magic:  6/6        EV: 13    Int:  3    God:
Gold:   237        SH:  0    Dex: 12    Spells: 6/6 levels left

rFire    . . .     SeeInvis .   a - +0 long sword (flame)
rCold    . . .     Faith    .   (no shield)
rNeg     . . .     Spirit   .   o - +0 leather armour
rPois    +         Reflect  .   c - +0 hat
rElec    .         Harm     .   (no cloak)
rCorr    .         Rampage  .   (no gloves)
Will     .....                  (no boots)
Stlth    +.........             (no amulet)
HPRegen  0.20/turn              (no ring)
MPRegen  0.10/turn              (no ring)

@: no status effects
A: horns 2, retaliatory headbutt, beak, dopey 1, poison resistance
a: no special abilities


You were on level 5 of the Dungeon.
You visited 1 branch of the dungeon, and saw 5 of its levels.

You collected 237 gold pieces.

Inventory:

Hand Weapons
 a - a +0 long sword of flaming (weapon)
 b - a +2 dagger of electrocution
Missiles
 d - 3 throwing nets
 g - 7 silver javelins
 h - 105 stones
 r - 3 poisoned darts (quivered)
Armour
 c - a +0 hat (worn)
 o - a +0 leather armour (worn)
Wands
 s - a wand of flame (17)
 w - a wand of paralysis (11)
Scrolls
 f - 2 scrolls of blinking {unknown}
 i - a scroll of identify
 k - 4 scrolls of magic mapping
 m - 2 scrolls of enchant weapon
 q - a scroll of amnesia
 t - a scroll of noise {unknown}
Potions
 e - a potion of mutation
 j - a potion of lignification {unknown}
 l - a potion of flight
 n - 3 potions of heal wounds
 p - a potion of might {unknown}
 u - a potion of curing


   Skills:
 + Level 5.6 Fighting
 + Level 6.3 Long Blades
 + Level 4.6 Throwing
 + Level 5.8 Dodging


You had 6 spell levels left.
You didn't know any spells.
Your spell library contained the following spells:

 Spells                   Type           Power      Damage    Failure   Level
 Call Canine Familiar     Summ           0%         N/A       91%         3
 Inner Flame              Hex/Fire       0%         N/A       91%         3
 Portal Projectile        Hex/Tloc       0%         N/A       91%         3
 Cause Fear               Hex            0%         N/A       100%        4
 Leda's Liquefaction      Hex/Erth       0%         N/A       100%        4
 Discord                  Hex            0%         N/A       100%        8


Dungeon Overview and Level Annotations

Branches:
Dungeon (5/15)
 Temple: D:4-7

Altars:

Annotations:
D:4 exclusion: black bear


Innate Abilities, Weirdness & Mutations

You have a pair of horns on your head.
You reflexively headbutt those who attack you in melee.
You have a beak for a mouth.
You are dopey. (Int -2)
Your system is resistant to poisons. (rPois)


Message History

The black bear closely misses you.
Throw: 4 darts (poison)
Press: ? - help, Q - select action, (/) - cycle Shift-Dir - straight line, f/p - black bear
Aim: a black bear (poisoned, 69% to hit)
You throw a poisoned dart. The poisoned dart hits the black bear.
The black bear bites you. The black bear claws you. x2
Unknown command.
As you read the scroll labelled ACZOICK LIKLY, it crumbles to dust.
It is a scroll of brand weapon.
Your +0 long sword is engulfed in flames!
a - a +0 long sword of flaming (weapon)
The black bear looks more healthy.
The black bear barely misses you.
You riposte.
You hit the black bear. You burn the black bear.
Your headbutt misses the black bear. Your peck misses the black bear.
The black bear is moderately wounded.
The black bear claws you. x2
You barely miss the black bear. You headbutt the black bear!
You peck the black bear.
The black bear is almost dead.
The black bear bites you.
The black bear claws you but does no damage. x2
You barely miss the black bear.
The black bear is almost dead.
The black bear goes berserk!
Unknown command.
You hit the black bear. You burn the black bear.
Your peck misses the black bear.
The black bear is almost dead.
The black bear completely misses you.
The black bear claws you but does no damage.
The black bear closely misses you.
Unknown command.
You hit the black bear. You burn the black bear.
The black bear is almost dead.
The black bear bites you!
* * * LOW HITPOINT WARNING * * *
The black bear claws you.
* * * LOW HITPOINT WARNING * * *
The black bear claws you.
You die...

.#.#.#.# #.# #.#.#.# ####.≈..≈
#.#.#.#.#.#.#.#.#... ......≈...#
.#.#.#.#.#.#.#.#.#.###.##.##≈≈##≈
#.#.#.#.#.#.#.#.##.#.... .###≈#.≈
.#.#.#.#.#.#.#.#.#....## .#..≈≈.≈
#.#.#.#.#.#.#.#.##...... .+...≈≈.
.#.#.#.#.#.#.#.#...##.# .#....≈.
#.#.#.#.#.#.#.#.#..##.###.#......
.#.#.#.#.#.#.#.#@.........#...##.
#.#.#.#.#.#.#.#h#..##.##.##...##.
.#.#.#.#.#.#.#.#......##.##...##.
#.#.#.#.#.#.#.#.########.##...##.
.#.#.#.#.#.#(#.#.# #.....'...)..
#.#.#.#.#.#.#.#.## #..#.##...##.
[#.#.#.#.#.#.#.#.# #..#.##...##.
#.#.#.#.#.#.#.#.## #..#...##.##.
.#.#.#.#.#.#.#[#.# #..#.#.##.##.


You could see a black bear (berserk).

Vanquished Creatures
  A necrophage (D:4)
  An ice beast (D:5)
  2 ogres (D:5)
  A scorpion (D:4)
  A wyvern skeleton (D:5)
  A water moccasin skeleton (D:5)
  A hound (D:5)
  3 iguanas (D:4)
  4 gnolls (D:4)
  10 adders
  An ufetubus (D:4)
  An adder skeleton (D:4)
  9 worms
  2 dart slugs
  An orc (D:4)
  7 ball pythons
  4 endoplasms
  2 giant cockroaches
  9 goblins
  4 hobgoblins
  3 jackals (D:4)
  5 kobolds
  A quokka (D:2)
  2 bats
  3 frilled lizards
  13 rats
92 creatures vanquished.

Vanquished Creatures (others)
  9 plants
9 creatures vanquished.

Grand Total: 101 creatures vanquished

Notes
Turn   | Place    | Note
-------+----------+-------------------------------------------
     0 | D:1      | BrandedWarrior the Minotaur Gladiator began the quest for
                  | the Orb.
     0 | D:1      | Reached XP level 1. HP: 18/18 MP: 0/0
   387 | D:1      | Reached XP level 2. HP: 25/25 MP: 1/1
   545 | D:1      | Reached skill level 4 in Long Blades
   702 | D:1      | Found a faded altar of an unknown god.
   985 | D:2      | Reached XP level 3. HP: 30/30 MP: 2/2
  1369 | D:2      | Gained mutation: You are dopey. (Int -2) [potion of
                  | mutation]
  1369 | D:2      | Gained mutation: You have a beak for a mouth. [potion of
                  | mutation]
  1369 | D:2      | Gained mutation: Your system is resistant to poisons.
                  | (rPois) [potion of mutation]
  1473 | D:2      | Reached XP level 4. HP: 35/38 MP: 3/3
  1819 | D:2      | Upgraded the game from 0.27.1-2-g3b301248ec to
                  | 0.27.1-3-gb3d3a73c9e
  2831 | D:4      | Reached XP level 5. HP: 43/46 MP: 4/4
  2916 | D:4      | Reached skill level 5 in Long Blades
  3229 | D:4      | Noticed a black bear
  3348 | D:4      | Reached XP level 6. HP: 24/52 MP: 5/5
  3841 | D:4      | Reached skill level 5 in Dodging
  3952 | D:5      | Entered Level 5 of the Dungeon
  4018 | D:5      | Reached skill level 5 in Fighting
  4018 | D:5      | Reached XP level 7. HP: 54/61 MP: 6/6
  4152 | D:5      | Reached skill level 6 in Long Blades
  4343 | D:5      | Slain by a black bear

Illustrated notes

Levels and vault maps discovered:
D:1:      evilmike_arrival_crescent, layout_basic,
          shapermc_ecumenical_altar_mp_urbaneastern
D:2:      layout_basic
D:3:      layout_loops_cross, kennysheep_doodads
D:4:      layout_rooms, serial_forest, infiniplex_forest_end_3,
          infiniplex_forest_clump_tiny, infiniplex_forest_straight_2,
          infiniplex_forest_corner_2, infiniplex_forest_clump_long,
          infiniplex_forest_clump_double, infiniplex_forest_clump_diagonal,
          infiniplex_forest_clump_curved
D:5:      layout_basic, minmay_stone_trees_small,
          chequers_serial_rivers_small_b, uniq_eustachio

Skill      XL: |  1  2  3  4  5  6  7 |
---------------+----------------------+-----
Long Blades    | 4 5 6 |  6.3
Fighting       | 3 4 5 |  5.6
Dodging        | 4 5 |  5.8
Throwing       | 3 4 |  4.6

Action                   |  1- 3 |  4- 6 |  7- 9 || total
-------------------------+-------+-------+-------++-------
Melee: Long sword        |    50 |    73 |    17 ||   140
       Headbutt          |    12 |    21 |     2 ||    35
       Peck              |     2 |    17 |     4 ||    23
       Dagger            |       |    33 |     6 ||    39
Throw: Dart              |       |     4 |     9 ||    13
Evoke: Wand              |       |       |     1 ||     1
  Use: Potion            |     2 |       |       ||     2
       Scroll            |       |     3 |     3 ||     6
Armor: Leather armour    |     6 |    13 |     6 ||    25
Dodge: Dodged            |    33 |    70 |    17 ||   120
       Rpst.: Long sword |    10 |    21 |     4 ||    35
